Blackhawks vs Blue Jackets
(R1)
Created - October 31, 2020 at 19:08
Goals
|
| Blackhawks |
0 |
1 |
3 |
4 |
| Blue Jackets |
0 |
2 |
6 |
8 |
|
Shots
|
| Blackhawks |
5 |
10 |
17 |
32 |
| Blue Jackets |
6 |
17 |
13 |
36 |
|
1st period
No Goal
Penalties :
Brendan Lemieux (Chi) for Hooking (Minor) at 4:46, Dalton Prout (Clb) for Roughing (Minor) at 11:51, Martin Havlat (Clb) for Tripping (Minor) at 14:48, Derick Brassard (Chi) for Hooking (Minor) at 18:11
2nd period
1. Blackhawks , Derick Brassard 6 (Antoine Roussel 4, Patrick Marleau 2) at 7:24 (PP)
2. Blue Jackets , Peter Mueller 1 (Martin Havlat 3, Max Pacioretty 3) at 11:32
3. Blue Jackets , Artemi Panarin 4 (Cam Fowler 3, Tyler Seguin 3) at 11:40
Penalties :
Patrick Marleau (Chi) for Tripping (Minor) at 4:59, Martin Havlat (Clb) for Hooking (Minor) at 6:54, Peter Mueller (Clb) for Hooking (Minor) at 8:16, Dougie Hamilton (Chi) for Hooking (Minor) at 13:52
3rd period
4. Blackhawks , Rick Nash 4 (Derick Brassard 5, Patrick Marleau 3) at 0:38 (PP)
5. Blue Jackets , Peter Mueller 2 (Martin Havlat 4, Max Pacioretty 4) at 1:37 (PP)
6. Blue Jackets , Tyler Seguin 1 (Devin Setoguchi 3, Mike Lundin 1) at 2:27 (PP)
7. Blue Jackets , Max Pacioretty 2 (Peter Mueller 1, Dalton Prout 1) at 5:43
8. Blue Jackets , Tyler Seguin 2 (Cam Fowler 4, Andrei Vasilevskiy) at 6:38 (PP)
9. Blackhawks , Alexander Wennberg 1 (Dougie Hamilton 3, John Carlson 3) at 9:37
10. Blackhawks , Gabriel Bourque 1 (Tim Connolly 3, Brad Boyes 4) at 11:50
11. Blue Jackets , Tyler Seguin 3 (Artemi Panarin 2) at 12:49
12. Blue Jackets , Tyler Kennedy 2 (Eric Wellwood 2, Peter Mueller 2) at 14:50
Penalties :
Artemi Panarin (Clb) for Holding (Minor) at 0:22, Nathan Horton (Chi) for Hooking (Minor) at 1:29, Nathan Horton (Chi) for Roughing (Double Minor) at 2:02, Rick Nash (Chi) for Holding (Minor) at 6:07, Cam Fowler (Clb) for Fighting (Major) at 8:33, Patrick Marleau (Chi) for Fighting (Major) at 8:33, Nathan Horton (Chi) for Roughing (Minor) at 18:45
Goalie Stats
Jonas Gustavsson (Chi), 5 saves from 7 shots - (0.714), 13:22 minutes
Pekka Rinne (Chi), 23 saves from 29 shots - (0.793), L, 0-1-0, 46:38 minutes
Andrei Vasilevskiy (Clb), 28 saves from 32 shots - (0.875), W, 1-1-0, 60:00 minutes
Players Stats for Blackhawks
Player Name G A P +/- PIM S H SB GA TA FO MP PP MP PK MP
------------------------------------------------------------------------------------
Alexander Wennberg 1 0 1 0 0 1 0 1 1 0 2/5 7:57 0:00 0:00
Antoine Roussel 0 1 1 0 0 3 1 0 2 0 0/0 12:38 3:06 0:00
Brad Boyes 0 1 1 0 0 0 0 0 1 0 1/1 10:50 2:40 0:00
Brendan Lemieux 0 0 0 0 2 1 1 0 0 0 0/0 8:25 0:03 0:24
Cody Hodgson 0 0 0 0 0 3 0 0 0 0 6/11 14:50 2:40 2:40
Derick Brassard 1 1 2 -3 2 3 3 0 1 0 18/41 22:20 3:56 3:23
Dougie Hamilton 0 1 1 0 2 3 0 1 1 2 0/0 19:30 2:54 0:00
Gabriel Bourque 1 0 1 0 0 2 1 0 0 1 0/0 10:21 0:00 1:41
John Carlson 0 1 1 0 0 4 1 2 2 1 0/0 30:14 4:10 7:25
Matthew Spiller 0 0 0 0 0 0 0 1 0 0 0/0 14:34 0:01 4:44
Nathan Horton 0 0 0 0 8 0 3 0 0 0 0/0 11:47 0:00 0:00
Nick Leddy 0 0 0 0 0 1 1 1 0 0 0/0 11:31 2:28 0:00
Patrick Marleau 0 2 2 -3 7 1 4 0 0 2 0/2 23:01 3:53 6:01
Rick Nash 1 0 1 -3 2 7 0 1 1 1 1/2 21:20 3:30 3:03
Seth Jones 0 0 0 -3 0 1 2 0 0 1 0/0 18:15 0:01 4:44
Shea Weber 0 0 0 -3 0 0 3 2 1 0 0/0 26:00 3:44 7:25
Stefan Ruzicka 0 0 0 0 0 2 0 0 1 0 0/1 7:57 0:00 0:00
Tim Connolly 0 1 1 0 0 0 2 0 2 1 9/14 16:08 0:09 7:06
Players Stats for Blue Jackets
Player Name G A P +/- PIM S H SB GA TA FO MP PP MP PK MP
------------------------------------------------------------------------------------
Artemi Panarin 1 1 2 2 2 4 1 1 0 1 1/3 24:02 6:57 3:36
Brandon Bollig 0 0 0 0 0 2 0 0 0 0 0/0 3:57 0:00 0:00
Branislav Mezei 0 0 0 0 0 0 0 0 0 1 0/0 9:03 0:00 0:22
Cam Fowler 0 2 2 2 5 4 2 2 0 2 0/0 25:47 8:33 3:59
Cody Eakin 0 0 0 0 0 1 0 0 0 1 1/1 4:13 0:00 0:00
Dalton Prout 0 1 1 0 2 1 0 2 0 1 0/0 19:58 3:36 1:45
Dennis Wideman 0 0 0 0 0 1 0 2 2 0 0/0 20:51 3:36 2:40
Devin Setoguchi 0 1 1 2 0 2 4 0 1 0 1/2 20:13 6:57 0:00
Eric Wellwood 0 1 1 0 0 1 0 0 0 0 0/0 11:24 0:00 0:57
Martin Havlat 0 2 2 1 4 2 0 0 0 0 0/0 18:44 5:11 0:00
Max Pacioretty 1 2 3 1 0 2 3 0 2 2 1/2 20:25 5:12 1:55
Mike Lundin 0 1 1 3 0 2 5 2 0 1 0/0 29:44 8:33 3:59
Pavel Datsyuk 0 0 0 0 0 0 0 0 0 2 3/7 10:19 0:00 0:00
Peter Mueller 2 2 4 1 2 5 2 0 1 0 7/13 19:57 5:12 1:05
Rob Scuderi 0 0 0 1 0 0 0 1 0 1 0/0 12:28 0:00 0:00
Ryan Wilson 0 0 0 0 0 0 0 0 0 0 0/0 2:10 0:00 0:33
Tyler Kennedy 1 0 1 0 0 3 1 0 1 0 1/1 12:26 0:00 2:02
Tyler Seguin 3 1 4 2 0 6 1 1 2 1 25/48 27:30 6:57 3:43
3 Stars
1 - Tyler Seguin (Clb)
2 - Peter Mueller (Clb)
3 - Max Pacioretty (Clb)
Power Play
Blackhawks - 2 on 5 Attempt(s) - 40.00%
Blue Jackets - 3 on 9 Attempt(s) - 33.33%
Penalty Kill
Blackhawks - 6 on 9 Attempt(s) - 66.67%
- Score 0 goal in Penalty Kill
Blue Jackets - 3 on 5 Attempt(s) - 60.00%
- Score 0 goal in Penalty Kill
Team Stat
Blackhawks - Hits : 22 - Faceoff Wins : 37 - Blocked Shots : 9 - Penalty Minutes : 23
Blue Jackets - Hits : 19 - Faceoff Wins : 40 - Blocked Shots : 11 - Penalty Minutes : 15
Official
Referees : Unknown
Linesman : Unknown
Game Notes
Jonas Gustavsson enters game at 6:38 of 3rd period
Cam Fowler and Patrick Marleau fight to a draw at 8:33 of 3rd period
Tyler Seguin has scored a Hat Trick!
Finance
Level 1 -- Attendance: 4469 (74.48%) -- Ticket Income $513,935
Level 2 -- Attendance: 3948 (78.96%) -- Ticket Income $296,100
Level 3 -- Attendance: 1529 (76.45%) -- Ticket Income $68,805
Level 4 -- Attendance: 3486 (87.15%) -- Ticket Income $104,580
Luxury Box -- Attendance: 694 (69.40%) -- Ticket Income $149,210
Game was played at the Ohio State Arena.
Total Attendance: 14126 (78.48%)
Total Ticket Income: $1,132,630
Other Income: $169,894
Total Income: $1,302,524
Blackhawks
5 vs 5 Forward
Center Left Wing Right Wing Time % Phy DF OF
1 Derick Brassard Patrick Marleau Rick Nash 40 1 2 2
2 Cody Hodgson Antoine Roussel Nathan Horton 30 1 2 2
3 Tim Connolly Gabriel Bourque Brad Boyes 20 1 2 2
4 Alexander Wennberg Brendan Lemieux Stefan Ruzicka 10 1 2 2
5 vs 5 Defense
Defense Defense Time % Phy DF OF
1 John Carlson Dougie Hamilton 40 1 2 2
2 Seth Jones Shea Weber 30 1 2 2
3 Matthew Spiller Nick Leddy 20 1 2 2
4 John Carlson Shea Weber 10 1 2 2
PowerPlay Forward
Center Left Wing Right Wing Time % Phy DF OF
1 Derick Brassard Patrick Marleau Rick Nash 60 1 2 2
2 Cody Hodgson Antoine Roussel Brad Boyes 40 1 2 2
PowerPlay Defense
Defense Defense Time % Phy DF OF
1 John Carlson Shea Weber 60 1 2 2
2 Nick Leddy Dougie Hamilton 40 1 2 2
Penalty Kill 4 Players Forward
Center Wing Time % Phy DF OF
1 Tim Connolly Patrick Marleau 60 1 2 2
2 Derick Brassard Rick Nash 40 1 2 2
Penalty Kill 4 Players Defense
Defense Defense Time % Phy DF OF
1 John Carlson Shea Weber 60 1 2 2
2 Seth Jones Matthew Spiller 40 1 2 2
Penalty Kill - 3 Players Forward
Forward Time % Phy DF OF
1 Tim Connolly 60 1 2 2
2 Derick Brassard 40 1 2 2
Penalty Kill - 3 Players Defense
Defense Defense Time % Phy DF OF
1 John Carlson Shea Weber 60 1 2 2
2 Seth Jones Matthew Spiller 40 1 2 2
4 vs 4 Forward
Center Wing Time % Phy DF OF
1 Derick Brassard Antoine Roussel 60 1 2 2
2 Tim Connolly Patrick Marleau 40 1 2 2
4 vs 4 Defense
Defense Defense Time % Phy DF OF
1 John Carlson Dougie Hamilton 60 1 2 2
2 Seth Jones Shea Weber 40 1 2 2
Last Minutes Offensive
Center Left Wing Right Wing Defense Defense
Derick Brassard Patrick Marleau Rick Nash John Carlson Shea Weber
Last Minutes Defensive
Center Left Wing Right Wing Defense Defense
Tim Connolly Patrick Marleau Rick Nash John Carlson Shea Weber
Goaltenders
Starting : Pekka Rinne
Backup : Jonas Gustavsson
Extra Forwards
Normal : Nathan Horton, Alexander Wennberg, Cody Hodgson - PP : Tim Connolly, Brendan Lemieux - PK : Cody Hodgson
Extra Defensemen
Normal : Matthew Spiller, Nick Leddy, Seth Jones - PP : Seth Jones - PK : Nick Leddy, Dougie Hamilton
Penalty Shots
Patrick Marleau, Antoine Roussel, Derick Brassard, Rick Nash, Cody Hodgson
Scratches
Chris Kreider (Right Knee Injury)
Blue Jackets
5 vs 5 Forward
Center Left Wing Right Wing Time % Phy DF OF
1 Tyler Seguin Artemi Panarin Devin Setoguchi 40 1 2 2
2 Peter Mueller Max Pacioretty Martin Havlat 30 1 2 2
3 Pavel Datsyuk Eric Wellwood Tyler Kennedy 20 1 2 2
4 Cody Eakin Brandon Bollig Tyler Seguin 10 1 2 2
5 vs 5 Defense
Defense Defense Time % Phy DF OF
1 Mike Lundin Cam Fowler 40 1 2 2
2 Dennis Wideman Dalton Prout 30 1 2 2
3 Rob Scuderi Branislav Mezei 20 1 2 2
4 Ryan Wilson Mike Lundin 10 1 2 2
PowerPlay Forward
Center Left Wing Right Wing Time % Phy DF OF
1 Tyler Seguin Artemi Panarin Devin Setoguchi 60 1 2 2
2 Peter Mueller Max Pacioretty Martin Havlat 40 1 2 2
PowerPlay Defense
Defense Defense Time % Phy DF OF
1 Mike Lundin Cam Fowler 60 1 2 2
2 Dennis Wideman Dalton Prout 40 1 2 2
Penalty Kill 4 Players Forward
Center Wing Time % Phy DF OF
1 Tyler Seguin Artemi Panarin 60 1 2 2
2 Max Pacioretty Peter Mueller 40 1 2 2
Penalty Kill 4 Players Defense
Defense Defense Time % Phy DF OF
1 Mike Lundin Cam Fowler 60 1 2 2
2 Dennis Wideman Dalton Prout 40 1 2 2
Penalty Kill - 3 Players Forward
Forward Time % Phy DF OF
1 Tyler Seguin 60 1 2 2
2 Artemi Panarin 40 1 2 2
Penalty Kill - 3 Players Defense
Defense Defense Time % Phy DF OF
1 Mike Lundin Cam Fowler 60 1 2 2
2 Dennis Wideman Dalton Prout 40 1 2 2
4 vs 4 Forward
Center Wing Time % Phy DF OF
1 Tyler Seguin Artemi Panarin 60 1 2 2
2 Max Pacioretty Peter Mueller 40 1 2 2
4 vs 4 Defense
Defense Defense Time % Phy DF OF
1 Mike Lundin Cam Fowler 60 1 2 2
2 Dennis Wideman Dalton Prout 40 1 2 2
Last Minutes Offensive
Center Left Wing Right Wing Defense Defense
Tyler Seguin Artemi Panarin Devin Setoguchi Mike Lundin Cam Fowler
Last Minutes Defensive
Center Left Wing Right Wing Defense Defense
Tyler Seguin Artemi Panarin Devin Setoguchi Mike Lundin Cam Fowler
Goaltenders
Starting : Andrei Vasilevskiy
Backup : Rick DiPietro
Extra Forwards
Normal : Pavel Datsyuk, Eric Wellwood, Tyler Kennedy - PP : Pavel Datsyuk, Eric Wellwood - PK : Tyler Kennedy
Extra Defensemen
Normal : Rob Scuderi, Branislav Mezei, Ryan Wilson - PP : Rob Scuderi - PK : Branislav Mezei, Ryan Wilson
Penalty Shots
Tyler Seguin, Artemi Panarin, Max Pacioretty, Peter Mueller, Devin Setoguchi
Scratches
Andreas Nodl (Healthy)
% Time on Ice - Blackhawks
Lines # - Real PCT - Wanted PCT - Time Play
Normal Forward
1 - 37% - 40% - 15:07
2 - 23% - 30% - 9:28
3 - 21% - 20% - 8:36
4 - 19% - 10% - 7:57
Normal Defense
1 - 45% - 40% - 18:34
2 - 31% - 30% - 12:49
3 - 21% - 20% - 8:42
4 - 3% - 10% - 1:03
PP Forward
1 - 60% - 60% - 3:59
2 - 40% - 40% - 2:40
PP Defense
1 - 63% - 60% - 4:11
2 - 37% - 40% - 2:28
PK Forward
1 - 74% - 60% - 8:57
2 - 26% - 40% - 3:12
PK Defense
1 - 61% - 60% - 7:25
2 - 39% - 40% - 4:44
PK3 Forward
1 - 0% - 60%
2 - 0% - 40%
PK3 Defense
1 - 0% - 60%
2 - 0% - 40%
44 Forward
1 - 100% - 60% - 0:04
2 - 0% - 40% - 0:00
44 Defense
1 - 100% - 60% - 0:04
2 - 0% - 40% - 0:00
Last Minute Offensive - 0:00
Last Minute Defensive - 0:00
Total
Forward - 60:00
Defense - 60:00
|
% Time on Ice - Blue Jackets
Lines # - Real PCT - Wanted PCT - Time Play
Normal Forward
1 - 33% - 40% - 13:34
2 - 32% - 30% - 13:18
3 - 25% - 20% - 10:19
4 - 10% - 10% - 3:57
Normal Defense
1 - 41% - 40% - 16:59
2 - 35% - 30% - 14:35
3 - 21% - 20% - 8:41
4 - 2% - 10% - 0:53
PP Forward
1 - 57% - 60% - 6:57
2 - 43% - 40% - 5:12
PP Defense
1 - 70% - 60% - 8:33
2 - 30% - 40% - 3:36
PK Forward
1 - 71% - 60% - 4:44
2 - 29% - 40% - 1:55
PK Defense
1 - 60% - 60% - 3:59
2 - 40% - 40% - 2:40
PK3 Forward
1 - 0% - 60%
2 - 0% - 40%
PK3 Defense
1 - 0% - 60%
2 - 0% - 40%
44 Forward
1 - 100% - 60% - 0:04
2 - 0% - 40% - 0:00
44 Defense
1 - 100% - 60% - 0:04
2 - 0% - 40% - 0:00
Last Minute Offensive - 0:00
Last Minute Defensive - 0:00
Total
Forward - 60:00
Defense - 60:00
|
Play-by-Play
1st period
0:01 of 1st period - Devin Setoguchi wins face-off versus Derick Brassard in neutral zone.
0:26 of 1st period - Nathan Horton is hit by Peter Mueller and loses puck.
0:51 of 1st period - Eric Wellwood is hit by Gabriel Bourque and loses puck.
2:04 of 1st period - Icing by Tyler Seguin.
2:05 of 1st period - Derick Brassard wins face-off versus Tyler Seguin in Blue Jackets zone.
2:28 of 1st period - Snap shot by Devin Setoguchi.
2:28 of 1st period - Shot Blocked by Matthew Spiller.
2:42 of 1st period - Snap shot by Devin Setoguchi.
2:42 of 1st period - Stopped by Pekka Rinne without a rebound.
2:43 of 1st period - Peter Mueller wins face-off versus Derick Brassard in Blackhawks zone.
2:44 of 1st period - Snap shot by Max Pacioretty.
2:44 of 1st period - Shot Hit the Post.
2:50 of 1st period - Wrist shot by Peter Mueller.
2:50 of 1st period - Shot Misses the Net.
2:52 of 1st period - Slapshot by Mike Lundin.
2:52 of 1st period - Deflect By Max Pacioretty.
2:52 of 1st period - Shot Misses the Net.
2:52 of 1st period - Puck is out of play.
2:53 of 1st period - Peter Mueller wins face-off versus Derick Brassard in Blackhawks zone.
3:08 of 1st period - Snap shot by Peter Mueller.
3:08 of 1st period - Stopped by Pekka Rinne with a rebound.
3:22 of 1st period - Snap shot by Peter Mueller.
3:22 of 1st period - Stopped by Pekka Rinne without a rebound.
3:23 of 1st period - Tyler Kennedy wins face-off versus Cody Hodgson in Blackhawks zone.
3:24 of 1st period - Slapshot by Eric Wellwood.
3:24 of 1st period - Shot Misses the Net.
3:50 of 1st period - Rob Scuderi is hit by Shea Weber and loses puck.
4:13 of 1st period - Rob Scuderi is hit by Derick Brassard and loses puck.
4:20 of 1st period - Snap shot by Patrick Marleau.
4:20 of 1st period - Shot Misses the Net.
4:32 of 1st period - Backhand shot by Nick Leddy.
4:32 of 1st period - Stopped by Andrei Vasilevskiy with a rebound.
4:46 of 1st period - Minor Penalty to Brendan Lemieux for Hooking.
4:47 of 1st period - Tyler Seguin wins face-off versus Tim Connolly in Blackhawks zone.
4:50 of 1st period - Snap shot by Tyler Seguin.
4:50 of 1st period - Shot Misses the Net.
5:14 of 1st period - Tim Connolly is hit by Mike Lundin and loses puck.
6:11 of 1st period - Shea Weber is hit by Cam Fowler and loses puck.
6:32 of 1st period - Shea Weber is hit by Devin Setoguchi and loses puck.
6:46 of 1st period - Penalty to Brendan Lemieux is over, Brendan Lemieux is back on ice.
7:27 of 1st period - Branislav Mezei is hit by Tim Connolly and loses puck.
7:58 of 1st period - Snap shot by Cody Hodgson.
7:58 of 1st period - Stopped by Andrei Vasilevskiy with a rebound.
9:22 of 1st period - Dalton Prout is hit by Nathan Horton and loses puck.
9:54 of 1st period - Backhand shot by Stefan Ruzicka.
9:54 of 1st period - Shot Misses the Net.
10:00 of 1st period - Patrick Marleau is hit by Devin Setoguchi and loses puck.
10:36 of 1st period - Eric Wellwood is hit by Nathan Horton and loses puck.
11:03 of 1st period - Icing by Dennis Wideman.
11:04 of 1st period - Cody Eakin wins face-off versus Derick Brassard in Blue Jackets zone.
11:04 of 1st period - Cody Eakin is hit by Derick Brassard.
11:12 of 1st period - Wrist shot by Brandon Bollig.
11:12 of 1st period - Stopped by Pekka Rinne without a rebound.
11:13 of 1st period - Peter Mueller wins face-off versus Patrick Marleau in Blackhawks zone.
11:44 of 1st period - Slapshot by Antoine Roussel.
11:44 of 1st period - Stopped by Andrei Vasilevskiy without a rebound.
11:45 of 1st period - Cody Hodgson wins face-off versus Tyler Seguin in Blue Jackets zone.
11:51 of 1st period - Minor Penalty to Dalton Prout for Roughing.
11:52 of 1st period - Tyler Seguin wins face-off versus Derick Brassard in Blue Jackets zone.
12:12 of 1st period - Cam Fowler is hit by Shea Weber and loses puck.
12:37 of 1st period - Artemi Panarin is hit by John Carlson.
12:53 of 1st period - Snap shot by Max Pacioretty.
12:53 of 1st period - Stopped by Pekka Rinne with a rebound.
13:09 of 1st period - Dougie Hamilton is hit by Tyler Kennedy and loses puck.
13:32 of 1st period - Nick Leddy is hit by Artemi Panarin and loses puck.
13:51 of 1st period - Penalty to Dalton Prout is over, Dalton Prout is back on ice.
13:59 of 1st period - Wrist shot by Martin Havlat.
13:59 of 1st period - Stopped by Pekka Rinne with a rebound.
14:01 of 1st period - Wrist shot by Peter Mueller.
14:01 of 1st period - Shot Misses the Net.
14:39 of 1st period - Peter Mueller is hit by Nick Leddy and loses puck.
14:48 of 1st period - Minor Penalty to Martin Havlat for Tripping.
14:49 of 1st period - Derick Brassard wins face-off versus Tyler Seguin in Blue Jackets zone.
15:02 of 1st period - Slapshot by Nick Leddy.
15:02 of 1st period - Shot Misses the Net.
15:04 of 1st period - Snap shot by Derick Brassard.
15:04 of 1st period - Shot Misses the Net.
16:48 of 1st period - Penalty to Martin Havlat is over, Martin Havlat is back on ice.
16:56 of 1st period - Seth Jones is hit by Max Pacioretty and loses puck.
17:32 of 1st period - Icing by Dennis Wideman.
17:33 of 1st period - Tyler Seguin wins face-off versus Alexander Wennberg in Blue Jackets zone.
18:02 of 1st period - Snap shot by John Carlson.
18:02 of 1st period - Deflect By Rick Nash.
18:02 of 1st period - Stopped by Andrei Vasilevskiy without a rebound.
18:03 of 1st period - Tyler Seguin wins face-off versus Derick Brassard in Blue Jackets zone.
18:11 of 1st period - Minor Penalty to Derick Brassard for Hooking.
18:12 of 1st period - Tim Connolly wins face-off versus Tyler Seguin in Blackhawks zone.
18:12 of 1st period - Tim Connolly is hit by Mike Lundin.
18:37 of 1st period - Peter Mueller is hit by Patrick Marleau.
19:21 of 1st period - Seth Jones is hit by Peter Mueller.
19:25 of 1st period - Snap shot by Rick Nash.
19:25 of 1st period - Stopped by Andrei Vasilevskiy without a rebound.
19:26 of 1st period - Peter Mueller wins face-off versus Tim Connolly in Blue Jackets zone.
19:47 of 1st period - Tyler Seguin is hit by Tim Connolly and loses puck.
Goals for this period are 0 for Blackhawks vs 0 for Blue Jackets.
Shots for this period are 5 for Blackhawks vs 6 for Blue Jackets.
2nd period
0:01 of 2nd period - Tyler Seguin wins face-off versus Tim Connolly in neutral zone.
0:11 of 2nd period - Penalty to Derick Brassard is over, Derick Brassard is back on ice.
0:28 of 2nd period - Nathan Horton is hit by Max Pacioretty and loses puck.
0:56 of 2nd period - Snap shot by Tyler Kennedy.
0:56 of 2nd period - Shot Misses the Net.
1:30 of 2nd period - Snap shot by Cam Fowler.
1:30 of 2nd period - Stopped by Pekka Rinne with a rebound.
2:22 of 2nd period - Branislav Mezei is hit by Brendan Lemieux and loses puck.
2:36 of 2nd period - Icing by Rob Scuderi.
2:37 of 2nd period - Peter Mueller wins face-off versus Derick Brassard in Blue Jackets zone.
2:48 of 2nd period - Slapshot by Peter Mueller.
2:48 of 2nd period - Shot Misses the Net.
2:50 of 2nd period - Snap shot by Martin Havlat.
2:50 of 2nd period - Shot Blocked by Nick Leddy.
2:52 of 2nd period - Wrist shot by Peter Mueller.
2:52 of 2nd period - Shot Misses the Net.
2:54 of 2nd period - Snap shot by Martin Havlat.
2:54 of 2nd period - Shot Misses the Net.
3:08 of 2nd period - Matthew Spiller is hit by Devin Setoguchi and loses puck.
3:53 of 2nd period - Wrist shot by John Carlson.
3:53 of 2nd period - Deflect By Brendan Lemieux.
3:53 of 2nd period - Stopped by Andrei Vasilevskiy with a rebound.
3:55 of 2nd period - Slapshot by Dougie Hamilton.
3:55 of 2nd period - Shot Blocked by Dalton Prout.
4:11 of 2nd period - Snap shot by Tyler Kennedy.
4:11 of 2nd period - Shot Misses the Net.
4:17 of 2nd period - Slapshot by Rick Nash.
4:17 of 2nd period - Stopped by Andrei Vasilevskiy with a rebound.
4:27 of 2nd period - Pavel Datsyuk is hit by Seth Jones and loses puck.
4:38 of 2nd period - Snap shot by Antoine Roussel.
4:38 of 2nd period - Shot Misses the Net.
4:54 of 2nd period - Slapshot by Tyler Seguin.
4:54 of 2nd period - Stopped by Pekka Rinne without a rebound.
4:55 of 2nd period - Artemi Panarin wins face-off versus Derick Brassard in Blackhawks zone.
4:59 of 2nd period - Minor Penalty to Patrick Marleau for Tripping.
5:00 of 2nd period - Tim Connolly wins face-off versus Tyler Seguin in Blackhawks zone.
6:54 of 2nd period - Minor Penalty to Martin Havlat for Hooking.
6:55 of 2nd period - Derick Brassard wins face-off versus Tyler Seguin in Blue Jackets zone.
6:59 of 2nd period - Penalty to Patrick Marleau is over, Patrick Marleau is back on ice.
7:24 of 2nd period - Snap shot by Derick Brassard.
7:24 of 2nd period - Goal by Derick Brassard - Blackhawks : 1 - Blue Jackets : 0.
7:25 of 2nd period - Tyler Seguin wins face-off versus Cody Hodgson in neutral zone.
8:03 of 2nd period - Tyler Kennedy is hit by Derick Brassard.
8:16 of 2nd period - Minor Penalty to Peter Mueller for Hooking.
8:17 of 2nd period - Tyler Seguin wins face-off versus Derick Brassard in Blue Jackets zone.
8:17 of 2nd period - Tyler Seguin is hit by Patrick Marleau.
8:25 of 2nd period - Off-side.
8:26 of 2nd period - Tyler Seguin wins face-off versus Derick Brassard in neutral zone.
8:28 of 2nd period - Off-side.
8:29 of 2nd period - Tyler Seguin wins face-off versus Derick Brassard in neutral zone.
9:59 of 2nd period - Tyler Seguin is hit by Antoine Roussel.
10:06 of 2nd period - Icing by Antoine Roussel.
10:07 of 2nd period - Derick Brassard wins face-off versus Max Pacioretty in Blackhawks zone.
10:16 of 2nd period - Penalty to Peter Mueller is over, Peter Mueller is back on ice.
10:26 of 2nd period - Wrist shot by Alexander Wennberg.
10:26 of 2nd period - Shot Misses the Net.
11:00 of 2nd period - Slapshot by Dennis Wideman.
11:00 of 2nd period - Stopped by Pekka Rinne without a rebound.
11:01 of 2nd period - Derick Brassard wins face-off versus Peter Mueller in Blackhawks zone.
11:08 of 2nd period - Wrist shot by Max Pacioretty.
11:08 of 2nd period - Deflect By Peter Mueller.
11:08 of 2nd period - Stopped by Pekka Rinne without a rebound.
11:09 of 2nd period - Max Pacioretty wins face-off versus Derick Brassard in Blackhawks zone.
11:10 of 2nd period - Wrist shot by Peter Mueller.
11:10 of 2nd period - Shot Misses the Net.
11:12 of 2nd period - Slapshot by Mike Lundin.
11:12 of 2nd period - Stopped by Pekka Rinne with a rebound.
11:14 of 2nd period - Slapshot by Cam Fowler.
11:14 of 2nd period - Deflect By Shea Weber.
11:14 of 2nd period - Stopped by Pekka Rinne without a rebound.
11:15 of 2nd period - Derick Brassard wins face-off versus Peter Mueller in Blackhawks zone.
11:30 of 2nd period - Wrist shot by Martin Havlat.
11:30 of 2nd period - Shot Misses the Net.
11:32 of 2nd period - Wrist shot by Peter Mueller.
11:32 of 2nd period - Goal by Peter Mueller - Blackhawks : 1 - Blue Jackets : 1.
11:33 of 2nd period - Tyler Seguin wins face-off versus Derick Brassard in neutral zone.
11:40 of 2nd period - Slapshot by Artemi Panarin.
11:40 of 2nd period - Goal by Artemi Panarin - Blackhawks : 1 - Blue Jackets : 2.
11:41 of 2nd period - Tyler Seguin wins face-off versus Derick Brassard in neutral zone.
11:44 of 2nd period - Slapshot by Cam Fowler.
11:44 of 2nd period - Stopped by Pekka Rinne without a rebound.
11:45 of 2nd period - Derick Brassard wins face-off versus Tyler Seguin in Blackhawks zone.
11:45 of 2nd period - Derick Brassard is hit by Mike Lundin.
11:57 of 2nd period - Snap shot by Rick Nash.
11:57 of 2nd period - Stopped by Andrei Vasilevskiy with a rebound.
12:19 of 2nd period - Slapshot by Martin Havlat.
12:19 of 2nd period - Stopped by Pekka Rinne without a rebound.
12:20 of 2nd period - Cody Hodgson wins face-off versus Peter Mueller in Blackhawks zone.
12:47 of 2nd period - Derick Brassard is hit by Devin Setoguchi and loses puck.
13:32 of 2nd period - Slapshot by Cody Eakin.
13:32 of 2nd period - Stopped by Pekka Rinne without a rebound.
13:33 of 2nd period - Tyler Seguin wins face-off versus Cody Hodgson in Blackhawks zone.
13:38 of 2nd period - Wrist shot by Brandon Bollig.
13:38 of 2nd period - Stopped by Pekka Rinne with a rebound.
13:40 of 2nd period - Wrist shot by Tyler Seguin.
13:40 of 2nd period - Shot Hit the Post.
13:44 of 2nd period - Snap shot by Cody Eakin.
13:44 of 2nd period - Shot Misses the Net.
13:46 of 2nd period - Snap shot by Tyler Seguin.
13:46 of 2nd period - Stopped by Pekka Rinne with a rebound.
13:52 of 2nd period - Minor Penalty to Dougie Hamilton for Hooking.
13:53 of 2nd period - Tim Connolly wins face-off versus Tyler Seguin in Blackhawks zone.
14:06 of 2nd period - Patrick Marleau is hit by Mike Lundin.
15:13 of 2nd period - Icing by Dalton Prout.
15:14 of 2nd period - Tyler Seguin wins face-off versus Cody Hodgson in Blue Jackets zone.
15:39 of 2nd period - Peter Mueller is hit by Patrick Marleau and loses puck.
15:52 of 2nd period - Penalty to Dougie Hamilton is over, Dougie Hamilton is back on ice.
17:06 of 2nd period - Slapshot by Stefan Ruzicka.
17:06 of 2nd period - Stopped by Andrei Vasilevskiy with a rebound.
17:08 of 2nd period - Snap shot by Alexander Wennberg.
17:08 of 2nd period - Deflect By Devin Setoguchi.
17:08 of 2nd period - Shot Blocked by Artemi Panarin.
17:08 of 2nd period - Puck is out of play.
17:09 of 2nd period - Alexander Wennberg wins face-off versus Peter Mueller in Blue Jackets zone.
17:20 of 2nd period - Slapshot by Cam Fowler.
17:20 of 2nd period - Shot Misses the Net.
17:22 of 2nd period - Slapshot by Peter Mueller.
17:22 of 2nd period - Shot Blocked by Shea Weber.
17:29 of 2nd period - Seth Jones is hit by Mike Lundin and loses puck.
17:43 of 2nd period - Slapshot by Cam Fowler.
17:43 of 2nd period - Stopped by Pekka Rinne without a rebound.
17:44 of 2nd period - Tyler Seguin wins face-off versus Derick Brassard in Blackhawks zone.
17:45 of 2nd period - Wrist shot by Artemi Panarin.
17:45 of 2nd period - Stopped by Pekka Rinne without a rebound.
17:46 of 2nd period - Tyler Seguin wins face-off versus Derick Brassard in Blackhawks zone.
17:59 of 2nd period - Wrist shot by Tyler Seguin.
17:59 of 2nd period - Stopped by Pekka Rinne with a rebound.
18:01 of 2nd period - Wrist shot by Devin Setoguchi.
18:01 of 2nd period - Shot Misses the Net.
18:03 of 2nd period - Wrist shot by Devin Setoguchi.
18:03 of 2nd period - Stopped by Pekka Rinne without a rebound.
18:04 of 2nd period - Peter Mueller wins face-off versus Cody Hodgson in Blackhawks zone.
19:01 of 2nd period - Snap shot by Gabriel Bourque.
19:01 of 2nd period - Stopped by Andrei Vasilevskiy with a rebound.
19:11 of 2nd period - Snap shot by Antoine Roussel.
19:11 of 2nd period - Stopped by Andrei Vasilevskiy without a rebound.
19:12 of 2nd period - Cody Hodgson wins face-off versus Tyler Seguin in Blue Jackets zone.
19:36 of 2nd period - Icing by Antoine Roussel.
19:37 of 2nd period - Cody Hodgson wins face-off versus Peter Mueller in Blackhawks zone.
19:44 of 2nd period - Slapshot by Derick Brassard.
19:44 of 2nd period - Stopped by Andrei Vasilevskiy with a rebound.
19:46 of 2nd period - Snap shot by Rick Nash.
19:46 of 2nd period - Stopped by Andrei Vasilevskiy with a rebound.
19:48 of 2nd period - Wrist shot by Rick Nash.
19:48 of 2nd period - Shot Blocked by Cam Fowler.
19:50 of 2nd period - Backhand shot by Rick Nash.
19:50 of 2nd period - Shot Misses the Net.
19:52 of 2nd period - Slapshot by Patrick Marleau.
19:52 of 2nd period - Deflect By Mike Lundin.
19:52 of 2nd period - Stopped by Andrei Vasilevskiy with a rebound.
Goals for this period are 1 for Blackhawks vs 2 for Blue Jackets.
Shots for this period are 10 for Blackhawks vs 17 for Blue Jackets.
3rd period
0:01 of 3rd period - Derick Brassard wins face-off versus Tyler Seguin in neutral zone.
0:22 of 3rd period - Minor Penalty to Artemi Panarin for Holding.
0:23 of 3rd period - Rick Nash wins face-off versus Tyler Seguin in Blue Jackets zone.
0:26 of 3rd period - Slapshot by John Carlson.
0:26 of 3rd period - Shot Blocked by Tyler Seguin.
0:38 of 3rd period - Snap shot by Rick Nash.
0:38 of 3rd period - Goal by Rick Nash - Blackhawks : 2 - Blue Jackets : 2.
0:39 of 3rd period - Tyler Seguin wins face-off versus Patrick Marleau in neutral zone.
0:39 of 3rd period - Tyler Seguin is hit by Patrick Marleau.
1:09 of 3rd period - Devin Setoguchi is hit by Shea Weber and loses puck.
1:29 of 3rd period - Minor Penalty to Nathan Horton for Hooking.
1:30 of 3rd period - Peter Mueller wins face-off versus Tim Connolly in Blackhawks zone.
1:33 of 3rd period - Snap shot by Max Pacioretty.
1:33 of 3rd period - Shot Misses the Net.
1:35 of 3rd period - Wrist shot by Martin Havlat.
1:35 of 3rd period - Shot Blocked by Shea Weber.
1:37 of 3rd period - Slapshot by Peter Mueller.
1:37 of 3rd period - Goal by Peter Mueller - Blackhawks : 2 - Blue Jackets : 3.
1:38 of 3rd period - Derick Brassard wins face-off versus Artemi Panarin in neutral zone.
1:43 of 3rd period - Wrist shot by Derick Brassard.
1:43 of 3rd period - Shot Blocked by Cam Fowler.
1:47 of 3rd period - Wrist shot by Derick Brassard.
1:47 of 3rd period - Shot Blocked by Mike Lundin.
1:49 of 3rd period - Wrist shot by Derick Brassard.
1:49 of 3rd period - Stopped by Andrei Vasilevskiy with a rebound.
2:02 of 3rd period - Double Minor Penalty to Nathan Horton for Roughing.
2:03 of 3rd period - Tim Connolly wins face-off versus Tyler Seguin in Blackhawks zone.
2:06 of 3rd period - Off-side.
2:07 of 3rd period - Tim Connolly wins face-off versus Tyler Seguin in neutral zone.
2:09 of 3rd period - Off-side.
2:10 of 3rd period - Tim Connolly wins face-off versus Tyler Seguin in neutral zone.
2:23 of 3rd period - Slapshot by Mike Lundin.
2:23 of 3rd period - Stopped by Pekka Rinne with a rebound.
2:27 of 3rd period - Snap shot by Tyler Seguin.
2:27 of 3rd period - Goal by Tyler Seguin - Blackhawks : 2 - Blue Jackets : 4.
2:28 of 3rd period - Tim Connolly wins face-off versus Tyler Seguin in neutral zone.
2:57 of 3rd period - Shea Weber is hit by Cam Fowler and loses puck.
3:38 of 3rd period - Wrist shot by Tim Connolly.
3:38 of 3rd period - Shot Misses the Net.
3:40 of 3rd period - Slapshot by Seth Jones.
3:40 of 3rd period - Deflect By Max Pacioretty.
3:40 of 3rd period - Stopped by Andrei Vasilevskiy with a rebound.
4:27 of 3rd period - Penalty to Nathan Horton is over, Nathan Horton is back on ice.
4:32 of 3rd period - Wrist shot by John Carlson.
4:32 of 3rd period - Shot Misses the Net.
4:34 of 3rd period - Snap shot by Brendan Lemieux.
4:34 of 3rd period - Shot Blocked by Mike Lundin.
4:36 of 3rd period - Slapshot by Nick Leddy.
4:36 of 3rd period - Deflect By Stefan Ruzicka.
4:36 of 3rd period - Shot Misses the Net.
4:36 of 3rd period - Puck is out of play.
4:37 of 3rd period - Alexander Wennberg wins face-off versus Pavel Datsyuk in Blue Jackets zone.
4:40 of 3rd period - Snap shot by Alexander Wennberg.
4:40 of 3rd period - Deflect By Stefan Ruzicka.
4:40 of 3rd period - Shot Misses the Net.
4:40 of 3rd period - Puck is out of play.
4:41 of 3rd period - Derick Brassard wins face-off versus Pavel Datsyuk in Blue Jackets zone.
4:56 of 3rd period - Snap shot by Tyler Kennedy.
4:56 of 3rd period - Deflect By Dougie Hamilton.
4:56 of 3rd period - Shot Misses the Net.
4:56 of 3rd period - Puck is out of play.
4:57 of 3rd period - Cody Hodgson wins face-off versus Tyler Seguin in Blackhawks zone.
5:02 of 3rd period - Slapshot by Cody Hodgson.
5:02 of 3rd period - Stopped by Andrei Vasilevskiy with a rebound.
5:04 of 3rd period - Snap shot by John Carlson.
5:04 of 3rd period - Stopped by Andrei Vasilevskiy with a rebound.
5:06 of 3rd period - Snap shot by Nathan Horton.
5:06 of 3rd period - Shot Misses the Net.
5:08 of 3rd period - Wrist shot by Cody Hodgson.
5:08 of 3rd period - Shot Misses the Net.
5:31 of 3rd period - Slapshot by John Carlson.
5:31 of 3rd period - Stopped by Andrei Vasilevskiy without a rebound.
5:32 of 3rd period - Derick Brassard wins face-off versus Peter Mueller in Blue Jackets zone.
5:33 of 3rd period - Wrist shot by Rick Nash.
5:33 of 3rd period - Shot Blocked by Dennis Wideman.
5:43 of 3rd period - Snap shot by Max Pacioretty.
5:43 of 3rd period - Goal by Max Pacioretty - Blackhawks : 2 - Blue Jackets : 5.
5:44 of 3rd period - Tyler Seguin wins face-off versus Rick Nash in neutral zone.
5:51 of 3rd period - Slapshot by Artemi Panarin.
5:51 of 3rd period - Stopped by Pekka Rinne with a rebound.
5:53 of 3rd period - Slapshot by Cam Fowler.
5:53 of 3rd period - Shot Misses the Net.
5:57 of 3rd period - Snap shot by Artemi Panarin.
5:57 of 3rd period - Shot Misses the Net.
6:07 of 3rd period - Minor Penalty to Rick Nash for Holding.
6:08 of 3rd period - Tim Connolly wins face-off versus Tyler Seguin in Blackhawks zone.
6:36 of 3rd period - Snap shot by Cam Fowler.
6:36 of 3rd period - Shot Blocked by John Carlson.
6:38 of 3rd period - Snap shot by Tyler Seguin.
6:38 of 3rd period - Goal by Tyler Seguin - Blackhawks : 2 - Blue Jackets : 6.
6:38 of 3rd period - Jonas Gustavsson enters game.
6:39 of 3rd period - Derick Brassard wins face-off versus Tyler Seguin in neutral zone.
7:34 of 3rd period - Icing by Tim Connolly.
7:35 of 3rd period - Tyler Seguin wins face-off versus Tim Connolly in Blackhawks zone.
8:10 of 3rd period - Snap shot by Rick Nash.
8:10 of 3rd period - Stopped by Andrei Vasilevskiy with a rebound.
8:12 of 3rd period - Wrist shot by Derick Brassard.
8:12 of 3rd period - Shot Blocked by Dalton Prout.
8:26 of 3rd period - Wrist shot by Tyler Kennedy.
8:26 of 3rd period - Stopped by Jonas Gustavsson with a rebound.
8:28 of 3rd period - Slapshot by Eric Wellwood.
8:28 of 3rd period - Shot Blocked by Dougie Hamilton.
8:30 of 3rd period - Slapshot by Dalton Prout.
8:30 of 3rd period - Deflect By Antoine Roussel.
8:30 of 3rd period - Stopped by Jonas Gustavsson without a rebound.
8:31 of 3rd period - Tyler Seguin wins face-off versus Derick Brassard in Blackhawks zone.
8:32 of 3rd period - Wrist shot by Artemi Panarin.
8:32 of 3rd period - Shot Blocked by Rick Nash.
8:33 of 3rd period - Cam Fowler and Patrick Marleau fight to a draw.
8:33 of 3rd period - Penalty to Cam Fowler for Fighting.
8:33 of 3rd period - Penalty to Patrick Marleau for Fighting.
8:34 of 3rd period - Tyler Seguin wins face-off versus Derick Brassard in Blackhawks zone.
8:37 of 3rd period - Wrist shot by Artemi Panarin.
8:37 of 3rd period - Stopped by Jonas Gustavsson without a rebound.
8:38 of 3rd period - Derick Brassard wins face-off versus Tyler Seguin in Blackhawks zone.
8:51 of 3rd period - Slapshot by John Carlson.
8:51 of 3rd period - Stopped by Andrei Vasilevskiy with a rebound.
9:31 of 3rd period - Wrist shot by John Carlson.
9:31 of 3rd period - Stopped by Andrei Vasilevskiy with a rebound.
9:33 of 3rd period - Snap shot by Dougie Hamilton.
9:33 of 3rd period - Stopped by Andrei Vasilevskiy with a rebound.
9:35 of 3rd period - Wrist shot by Dougie Hamilton.
9:35 of 3rd period - Stopped by Andrei Vasilevskiy with a rebound.
9:37 of 3rd period - Snap shot by Alexander Wennberg.
9:37 of 3rd period - Goal by Alexander Wennberg - Blackhawks : 3 - Blue Jackets : 6.
9:38 of 3rd period - Derick Brassard wins face-off versus Tyler Seguin in neutral zone.
10:34 of 3rd period - Snap shot by Stefan Ruzicka.
10:34 of 3rd period - Stopped by Andrei Vasilevskiy with a rebound.
11:18 of 3rd period - Icing by Matthew Spiller.
11:19 of 3rd period - Brad Boyes wins face-off versus Artemi Panarin in Blackhawks zone.
11:50 of 3rd period - Wrist shot by Gabriel Bourque.
11:50 of 3rd period - Goal by Gabriel Bourque - Blackhawks : 4 - Blue Jackets : 6.
11:51 of 3rd period - Derick Brassard wins face-off versus Tyler Seguin in neutral zone.
12:00 of 3rd period - Rick Nash is hit by Tyler Seguin and loses puck.
12:07 of 3rd period - Wrist shot by Artemi Panarin.
12:07 of 3rd period - Shot Blocked by John Carlson.
12:36 of 3rd period - Off-side.
12:37 of 3rd period - Pavel Datsyuk wins face-off versus Alexander Wennberg in neutral zone.
12:40 of 3rd period - Slapshot by Dalton Prout.
12:40 of 3rd period - Deflect By Eric Wellwood.
12:40 of 3rd period - Shot Blocked by Alexander Wennberg.
12:40 of 3rd period - Puck is out of play.
12:41 of 3rd period - Pavel Datsyuk wins face-off versus Alexander Wennberg in Blackhawks zone.
12:47 of 3rd period - Icing by Alexander Wennberg.
12:48 of 3rd period - Tyler Seguin wins face-off versus Stefan Ruzicka in Blackhawks zone.
12:49 of 3rd period - Snap shot by Artemi Panarin.
12:49 of 3rd period - Deflect By Tyler Seguin.
12:49 of 3rd period - Goal by Tyler Seguin - Blackhawks : 4 - Blue Jackets : 7.
12:50 of 3rd period - Derick Brassard wins face-off versus Devin Setoguchi in neutral zone.
12:52 of 3rd period - Off-side.
12:53 of 3rd period - Tyler Seguin wins face-off versus Derick Brassard in neutral zone.
12:55 of 3rd period - Mike Lundin is hit by Seth Jones and loses puck.
13:44 of 3rd period - Wrist shot by Alexander Wennberg.
13:44 of 3rd period - Shot Misses the Net.
13:46 of 3rd period - Slapshot by Dougie Hamilton.
13:46 of 3rd period - Deflect By Mike Lundin.
13:46 of 3rd period - Stopped by Andrei Vasilevskiy with a rebound.
13:48 of 3rd period - Snap shot by Stefan Ruzicka.
13:48 of 3rd period - Shot Blocked by Rob Scuderi.
14:22 of 3rd period - Derick Brassard is hit by Max Pacioretty and loses puck.
14:48 of 3rd period - Wrist shot by Eric Wellwood.
14:48 of 3rd period - Stopped by Jonas Gustavsson with a rebound.
14:50 of 3rd period - Wrist shot by Tyler Kennedy.
14:50 of 3rd period - Goal by Tyler Kennedy - Blackhawks : 4 - Blue Jackets : 8.
14:51 of 3rd period - Tyler Seguin wins face-off versus Derick Brassard in neutral zone.
14:58 of 3rd period - Snap shot by Devin Setoguchi.
14:58 of 3rd period - Shot Misses the Net.
16:24 of 3rd period - Wrist shot by Alexander Wennberg.
16:24 of 3rd period - Deflect By Stefan Ruzicka.
16:24 of 3rd period - Shot Misses the Net.
16:24 of 3rd period - Puck is out of play.
16:25 of 3rd period - Tyler Seguin wins face-off versus Derick Brassard in Blue Jackets zone.
16:49 of 3rd period - Icing by Nick Leddy.
16:50 of 3rd period - Derick Brassard wins face-off versus Pavel Datsyuk in Blackhawks zone.
17:21 of 3rd period - Slapshot by John Carlson.
17:21 of 3rd period - Shot Misses the Net.
17:23 of 3rd period - Slapshot by Dougie Hamilton.
17:23 of 3rd period - Shot Blocked by Dennis Wideman.
17:25 of 3rd period - Backhand shot by Brad Boyes.
17:25 of 3rd period - Shot Misses the Net.
17:40 of 3rd period - Off-side.
17:41 of 3rd period - Tyler Seguin wins face-off versus Derick Brassard in neutral zone.
18:02 of 3rd period - Mike Lundin is hit by Nathan Horton and loses puck.
18:11 of 3rd period - Wrist shot by Cody Hodgson.
18:11 of 3rd period - Stopped by Andrei Vasilevskiy with a rebound.
18:13 of 3rd period - Wrist shot by Antoine Roussel.
18:13 of 3rd period - Stopped by Andrei Vasilevskiy without a rebound.
18:14 of 3rd period - Pavel Datsyuk wins face-off versus Derick Brassard in Blue Jackets zone.
18:19 of 3rd period - Snap shot by Tyler Kennedy.
18:19 of 3rd period - Stopped by Jonas Gustavsson without a rebound.
18:20 of 3rd period - Derick Brassard wins face-off versus Pavel Datsyuk in Blackhawks zone.
18:42 of 3rd period - Icing by Rob Scuderi.
18:43 of 3rd period - Cody Hodgson wins face-off versus Tyler Seguin in Blue Jackets zone.
18:45 of 3rd period - Minor Penalty to Nathan Horton for Roughing.
18:46 of 3rd period - Tim Connolly wins face-off versus Tyler Seguin in Blackhawks zone.
Goals for this period are 3 for Blackhawks vs 6 for Blue Jackets.
Shots for this period are 17 for Blackhawks vs 13 for Blue Jackets.